 Dungeon Crawl Stone Soup version 0.27.0-1-g7a089689b8 (webtiles) character file.

Game seed: 10053540081204581264

167304 Kinoniko the Executioner (level 17, 0/155 (162) HPs)
             Began as a Green Draconian Berserker on Aug 3, 2021.
             Was the Champion of Trog.
             Slain by a ghost crab (8 damage)
             ... on level 2 of the Swamp.
             The game lasted 00:40:35 (25292 turns).

Kinoniko the Executioner (DrBe)                    Turns: 25292, Time: 00:40:37

HP:   0/155 (162)   AC: 15    Str: 19    XL:     17   Next: 31%
MP:   17/17         EV: 27    Int:  6    God:    Trog [******]
Gold: 1490          SH:  0    Dex: 26    Spells: 16/16 levels left

rFire    . . .     SeeInvis .   g - +10 executioner's axe of Peace {vorpal, Dex+5}
rCold    + + .     Faith    .   (shield currently unavailable)
rNeg     . . .     Spirit   .   (armour unavailable)
rPois    +         Reflect  .   (helmet restricted)
rElec    +         Harm     .   f - +1 cloak of Starlight {*Dazzle EV+4 Stlth--}
rCorr    .         Rampage  .   L - +0 pair of gloves of Birdsong {rPois rC+ Dex+3}
Will     ++...                  a - +2 pair of boots
Stlth    ..........             j - amulet of regeneration
HPRegen  1.35/turn              r - ring of flight
MPRegen  0.15/turn              U - ring "Epnoeqo" {rElec rC+ Will+}

@: marked, on berserk cooldown, flying, slowed, constricted, lightly drained,
very slow
A: breathe noxious fumes, AC +9, unfitting armour, stinger 1, poison resistance,
cold-blooded, dopey 1, wild magic 1
a: Breathe Noxious Fumes, Renounce Religion, Berserk, Trog's Hand, Brothers in
Arms


You were on level 2 of the Swamp.
You worshipped Trog.
Trog was exalted by your worship.
You visited 5 branches of the dungeon, and saw 27 of its levels.
You also visited: Ossuary and Ice Cave.

You collected 3088 gold pieces.
You spent 1598 gold pieces at shops.

Inventory:

Hand Weapons
 g - the +10 executioner's axe of Peace (weapon) {vorpal, Dex+5}
   (Trog gifted it to you on level 14 of the Dungeon)

   It inflicts extra damage upon your enemies.
   Dex:       It affects your dexterity (+5).
 C - a +9 vorpal battleaxe
 Q - a +4 broad axe of freezing
 Z - the +2 battleaxe of the Fulmar {flame, rElec Str+3 Stlth+}
   (Trog gifted it to you on level 5 of the Lair of Beasts)

   It burns those it strikes, dealing additional fire damage.
   Big, fiery blades are also staple armaments of hydra-hunters.
   Str:       It affects your strength (+3).
   rElec:     It insulates you from electricity.
   Stlth:     It makes you more stealthy.
Missiles
 h - 3 throwing nets (quivered)
Armour
 a - a +2 pair of boots (worn)
 f - the +1 cloak of Starlight (worn) {*Dazzle EV+4 Stlth--}
   (You acquired it on level 3 of the Dungeon)

   It may blind those who miss an attack against the wearer in melee combat.
   EV:        It affects your evasion (+4).
   Stlth:     It makes you much less stealthy.
 L - the +0 pair of gloves of Birdsong (worn) {rPois rC+ Dex+3}
   (You found it on level 10 of the Dungeon)

   Dex:       It affects your dexterity (+3).
   rC:        It protects you from cold.
   rPois:     It protects you from poison.
Jewellery
 j - an amulet of regeneration (around neck)
 k - a +6 ring of dexterity
 l - a ring of resist corrosion
 r - a ring of flight (left hand)
 s - an amulet of the acrobat
 z - an amulet of reflection
 H - a ring of protection from fire
 K - the ring "Woufozxu" {Ice Stlth+}
   (You found it on level 10 of the Dungeon)

   [ring of ice]

   It enhances your ice magic.
   rF:        It makes you vulnerable to fire.
   rC:        It protects you from cold.
   Stlth:     It makes you more stealthy.
 O - an amulet of guardian spirit
 R - a ring of protection from fire
 S - an amulet of magic regeneration
 U - the ring "Epnoeqo" (right hand) {rElec rC+ Will+}
   (You acquired it on level 6 of the Dungeon)

   [ring of willpower]

   rC:        It protects you from cold.
   rElec:     It insulates you from electricity.
   Will:      It increases your willpower.
 W - a ring of willpower
Wands
 e - a wand of flame (26)
 i - a wand of charming (39)
 n - a wand of polymorph (19)
 w - a wand of digging (4)
 J - a wand of paralysis (30)
 N - a wand of iceblast (2)
 X - a wand of acid (8)
Scrolls
 d - 10 scrolls of teleportation
 o - 7 scrolls of fog
 t - 5 scrolls of magic mapping
 v - 3 scrolls of holy word
 y - 2 scrolls of blinking
 B - a scroll of vulnerability
 D - a scroll of torment
 F - 2 scrolls of enchant armour
 M - a scroll of silence
 P - 6 scrolls of fear
 Y - 2 scrolls of identify
Potions
 b - 7 potions of attraction
 c - 5 potions of mutation
 m - 8 potions of flight
 p - a potion of resistance
 q - 10 potions of curing
 u - 3 potions of might
 x - 2 potions of magic
 A - 2 potions of cancellation
 E - 6 potions of haste
 G - 3 potions of heal wounds
 I - 3 potions of invisibility
 T - 3 potions of brilliance
 V - a potion of ambrosia


   Skills:
 - Level 17.4 Fighting
 * Level 22.2 Axes
 + Level 14.5 Dodging


You had 16 spell levels left.
You didn't know any spells.
Your spell library was empty.

Dungeon Overview and Level Annotations

Branches:
Dungeon (15/15)            Temple (0/1) D:6            Lair (6/6) D:11
  Swamp (2/4) Lair:4        Snake (2/4) Lair:4        Slime (0/5) Lair:5
    Orc (2/2) D:10            Elf (0/3) Orc:2        Vaults (0/5) D:14
 Depths (0/5) D:15        Ossuary (visited)           IceCv (visited)

Altars:
Ashenzari
Hepliaklqana
Kikubaaqudgha
Makhleb
Okawaru
Ru
Sif Muna
Uskayaw
Vehumet
Yredelemnul
Zin
Beogh
Jiyva

Shops:
D:2 (   D:4 ?   D:6 **   Orc:2 **![[   Snake:2 [*!(

Annotations:
D:8 2 transporters, Neremis's ghost, novice GrFi
Lair:6 1 runed translucent door, Mandevil's ghost, journeyman TrAM


Innate Abilities, Weirdness & Mutations

You can breathe blasts of noxious fumes.
Your lurid green scales are hard. (AC +9)
You cannot fit into any form of body armour.
Your tail ends in a poisonous barb.
Your system is resistant to poisons. (rPois)
You are cold-blooded and may be slowed by cold attacks.
You are dopey. (Int -2)
Your spells are a little harder to cast, but a little more powerful.


Message History

The spectral fenstrider witch hits you!
The spectral fenstrider witch misses you.
The spectral death drake completely misses you. x2
The tentacled monstrosity closely misses you.
The tentacled monstrosity completely misses you. x2
The tentacled monstrosity grabs you.
The tentacled monstrosity constricts you.
Unknown command.
Unknown command.
You barely miss the ghost crab. You tail-slap the ghost crab.
The ghost crab is lightly damaged.
You slice the spectral fenstrider witch!!
You slice the spectral death drake!! You slice the tentacled monstrosity!!
You slice the spectral fenstrider witch!!
You closely miss the spectral death drake.
The spectral fenstrider witch fades away!
The ghost crab breathes spectral mist at you.
The spectral mist engulfs you but does no damage.
The spectral death drake completely misses you.
The spectral fenstrider witch hits you but does no damage.
The spectral fenstrider witch completely misses you.
The spectral death drake closely misses you.
The bunyip is engulfed in spectral mist.
The bunyip claws you!!
* * * LOW HITPOINT WARNING * * *
The bunyip claws you but does no damage.
The bunyip completely misses you.
The tentacled monstrosity is engulfed in spectral mist.
The tentacled monstrosity tentacle-slaps you!
* * * LOW HITPOINT WARNING * * *
The tentacled monstrosity tentacle-slaps you.
* * * LOW HITPOINT WARNING * * *
The tentacled monstrosity tentacle-slaps you but does no damage.
* * * LOW HITPOINT WARNING * * *
The tentacled monstrosity constricts you!
Your iron troll bites the tentacled monstrosity!!
Your iron troll claws the tentacled monstrosity!!!
Your iron troll claws the tentacled monstrosity!!
The ghost crab completely misses you. The ghost crab claws you!
You die...

≈≈§≈
♣≈..♣≈≈≈..≈≈≈≈♣♣♣♣..≈..
♣≈≈≈..♣≈♣..≈≈≈≈≈≈≈♣
..≈≈
≈≈≈♣♣≈...?≈.≈≈≈≈≈≈≈♣ ≈≈
.≈≈≈≈.≈≈≈≈♣≈≈≈≈≈#♣♣♣
.≈≈≈≈≈≈○≈≈°≈°≈♣♣♣
...≈≈≈≈°°≈k≈♣♣♣
...≈≈§≈≈°.†°)♣♣
......§Zt°≈≈†.♣
♣≈.≈.x@ZZ≈≈≈....
♣♣♣≈≈XTZ§≈≈≈≈≈≈≈..
.≈≈..≈≈≈§≈≈≈..§≈(..
.≈≈≈≈≈.≈≈≈≈..≈...≈.
≈..H≈≈......♣♣≈.≈≈.
§♣♣≈.....≈≈♣♣ ≈≈≈.♣
♣♣.≈≈.♣♣♣♣ ♣.≈≈≈.


You could see a tentacled monstrosity (ally target), a bunyip, a fenstrider
witch, a ghost crab, 2 spectral death drakes, 2 spectral fenstrider witches, a
swamp drake and a friendly iron troll (summoned, berserk).

Vanquished Creatures
  Frances (Snake:1)
  The ghost of sefie the Minotaur Blade, a journeyman MiBe of Trog (Snake:1)
  2 orc warlords
  Louise (D:14)
  The ghost of Jacimip the Whirler, a journeyman HaHu of Okawaru (Swamp:1)
  A dire elephant (Lair:6)
  A bunyip (Swamp:1)
  Snorg (D:10)
  A shambling mangrove (Swamp:1)
  2 eleionomae (Swamp:1)
  3 vault guards (D:14)
  A spectral fenstrider witch (Swamp:1)
  2 boulder beetles
  18 hydras
  5 naga warriors
  Erica (D:8)
  A rakshasa (D:15)
  A great orb of eyes (D:15)
  7 centaur warriors
  An ice dragon (IceCv)
  6 alligators
  A ghost crab (Swamp:1)
  A catoblepas (D:14)
  A merfolk avatar (Lair:6)
  5 anacondas
  4 two-headed ogres
  9 death yaks
  6 orc high priests (Orc:2)
  5 naga sharpshooters
  4 tengu warriors
  4 shock serpents
  2 salamander mystics
  4 goliath frogs
  A sea snake (Lair:6)
  A spriggan druid (Swamp:2)
  2 swamp dragons
  2 naga ritualists (Snake:1)
  Pikel (D:6)
  A bog body (Swamp:1)
  A harpy (Lair:6)
  A fenstrider witch simulacrum (Swamp:1)
  A glowing orange brain (shapeshifter) (D:15)
  4 deep elf pyromancers
  2 lindwurms (Lair:6)
  3 orc sorcerers
  A will-o-the-wisp (Swamp:2)
  6 orc knights
  4 mana vipers
  3 manticores
  5 salamanders
  12 ugly things
  3 spectral spriggans (Swamp:1)
  Maurice (Orc:1)
  5 cyclopes
  18 black mambas
  2 guardian serpents (Snake:1)
  2 ice statues (IceCv)
  5 elephants
  8 naga magi
  A torpor snail (Lair:3)
  16 cane toads
  2 unseen horrors
  A cane toad (shapeshifter) (D:14)
  A gargoyle (D:12)
  5 komodo dragons
  7 rime drakes
  2 kobold demonologists (D:11)
  A freezing wraith (D:15)
  An anaconda simulacrum (Snake:1)
  A tengu conjurer (D:14)
  Grinder (D:6)
  3 spectral death drakes (Swamp:1)
  3 meliai (D:13)
  9 trolls
  A bloated husk (Swamp:2)
  3 tyrant leeches
  2 wind drakes (Lair:6)
  8 hornets
  A polar bear (Lair:3)
  2 snapping turtles (Lair:6)
  17 blink frogs
  2 spectral nagas (Snake:1)
  12 slime creatures
  A spectral black mamba (Snake:1)
  5 dream sheep (Lair:5)
  Sigmund (D:4)
  62 yaks
  A centaur simulacrum (D:15)
  4 spriggans
  4 wyverns
  A vampire (D:9)
  A wraith (D:10)
  4 basilisks
  A human (shapeshifter) (D:10)
  8 humans (D:14)
  9 vampire mosquitoes
  3 steam dragons
  Menkaure (D:4)
  16 nagas
  A warg (shapeshifter) (D:13)
  9 swamp worms
  6 wargs
  19 water moccasins
  4 swamp drakes
  Duvessa (D:4)
  3 acid dragons
  2 hornet zombies
  An ice beast (D:6)
  A sky beast (D:6)
  37 orc warriors
  2 necrophages (D:6)
  2 black bears
  2 spriggan simulacra (Swamp:1)
  15 wolves
  2 black mamba simulacra (Snake:1)
  An ogre (Orc:2)
  21 centaurs
  3 lemures (D:6)
  Blork the orc (D:6)
  3 kobold brigands
  17 bullfrogs
  A gnoll sergeant (D:7)
  4 naga simulacra (Snake:1)
  Dowan (D:4)
  A water moccasin zombie (D:5)
  2 scorpions
  3 water moccasin skeletons (D:5)
  2 lindwurm simulacra (IceCv)
  13 wights
  4 killer bees (D:7)
  5 electric eels
  5 howler monkeys
  2 bullfrog zombies
  5 centaur zombies
  A human zombie (D:9)
  4 hounds
  8 komodo dragon simulacra (IceCv)
  36 orc priests
  A bullfrog skeleton (D:5)
  2 jellies
  2 centaur skeletons
  A gnoll shaman (D:8)
  4 iguanas
  Natasha (twice) (D:2)
  21 orc wizards
  A killer bee zombie (D:9)
  A hound zombie (Ossuary)
  6 mummies
  2 hound skeletons (D:5)
  6 gnolls
  4 howler monkey zombies
  4 acid dragon simulacra (IceCv)
  6 adders
  2 white imps
  An ufetubus (D:7)
  7 steam dragon simulacra (IceCv)
  4 adder zombies
  A dart slug (D:5)
  91 orcs
  11 ball pythons
  5 endoplasms
  10 goblins
  3 hobgoblins
  7 jackals
  22 kobolds
  4 quokkas
  A bat (D:2)
  4 frilled lizards
  2 gnoll zombies (Ossuary)
  A hobgoblin zombie (Ossuary)
  A jackal skeleton (D:4)
  A jackal zombie (Ossuary)
  An orc zombie (Ossuary)
  6 rats
  3 rat zombies (Ossuary)
924 creatures vanquished.

Vanquished Creatures (collateral kills)
  A boulder beetle (Lair:3)
  A hydra (D:10)
  3 orc knights (Orc:2)
  2 orc warriors (Orc:2)
  A killer bee (D:7)
  3 orc priests (Orc:2)
  2 orcs (Orc:2)
13 creatures vanquished.

Vanquished Creatures (others)
  A bloated husk (Swamp:1)
  A human (D:14)
  A swamp worm (Swamp:2)
  14 foxfires (Swamp:2)
  17 fungi
  38 plants
  A withered plant (D:5)
73 creatures vanquished.

Grand Total: 1010 creatures vanquished

Notes
Turn   | Place    | Note
-------+----------+-------------------------------------------
     0 | D:1      | Kinoniko the Draconian Berserker began the quest for the
                  | Orb.
     0 | D:1      | Reached XP level 1. HP: 19/19 MP: 1/1
   188 | D:1      | Reached XP level 2. HP: 22/26 MP: 2/2
  1259 | D:2      | Reached XP level 3. HP: 31/31 MP: 3/3
  1327 | D:2      | You fall into a shaft and drop 2 floors!
  1328 | D:4      | Noticed Duvessa
  1331 | D:4      | Killed Duvessa
  1331 | D:4      | Reached ** piety under Trog
  1332 | D:4      | Reached skill level 5 in Axes
  1332 | D:4      | Reached XP level 4. HP: 38/38 MP: 4/4
  1332 | D:4      | Reached XP level 5. HP: 45/45 MP: 5/5
  1332 | D:4      | Noticed Dowan
  1343 | D:4      | Gained mutation: You are dopey. (Int -2) [potion of
                  | mutation]
  1343 | D:4      | Gained mutation: Your spells are a little harder to cast,
                  | but a little more powerful. [potion of mutation]
  1355 | D:4      | Killed Dowan
  1889 | D:2      | Noticed Natasha
  1891 | D:2      | Killed Natasha
  1975 | D:2      | Found Itauleurch's Weapon Emporium.
  2072 | D:2      | Noticed Natasha
  2079 | D:2      | Killed Natasha
  2080 | D:2      | Reached XP level 6. HP: 51/51 MP: 6/6
  2759 | D:3      | Found a glowing silver altar of Zin.
  2759 | D:3      | Found a sacrificial altar of Ru.
  2764 | D:3      | Reached skill level 6 in Axes
  2962 | D:3      | Found a radiant altar of Vehumet.
  3168 | D:3      | Identified a scroll of acquirement
  3168 | D:3      | Acquired the +1 cloak of Starlight {*Dazzle EV+4 Stlth--}
  3169 | D:3      | Found the +1 cloak of Starlight {*Dazzle EV+4 Stlth--}
  3212 | D:4      | Found a shimmering blue altar of Sif Muna.
  3244 | D:4      | Found Nonofu's Magic Scroll Emporium.
  3252 | D:4      | Bought a scroll of enchant weapon for 90 gold pieces
  3435 | D:4      | Noticed Sigmund
  3437 | D:4      | Reached *** piety under Trog
  3455 | D:4      | Killed Sigmund
  3456 | D:4      | Reached skill level 7 in Axes
  3456 | D:4      | Reached skill level 5 in Dodging
  3456 | D:4      | Your scales start taking on a lurid green colour.
  3456 | D:4      | Reached XP level 7. HP: 48/57 MP: 7/7
  3456 | D:4      | Gained mutation: Your system is resistant to poisons.
                  | (rPois) [Green Draconian growth]
  3484 | D:4      | Found a broken altar of Ashenzari.
  3484 | D:4      | Noticed Menkaure
  3498 | D:4      | Killed Menkaure
  3530 | D:4      | You fall into a shaft and drop 2 floors!
  3630 | D:6      | Reached skill level 8 in Axes
  3677 | D:6      | Noticed Grinder
  3690 | D:6      | Killed Grinder
  3691 | D:6      | Reached XP level 8. HP: 63/63 MP: 8/8
  3752 | D:5      | Entered Level 5 of the Dungeon
  4031 | D:5      | Reached skill level 9 in Axes
  4512 | D:5      | Reached skill level 10 in Axes
  4516 | D:5      | Reached XP level 9. HP: 70/70 MP: 9/9
  4639 | D:6      | Found Iriz's Specific Store.
  4642 | D:6      | Found Moqidento's General Store.
  5081 | D:6      | Reached **** piety under Trog
  5087 | D:6      | Reached skill level 11 in Axes
  5177 | D:6      | Noticed Pikel
  5190 | D:6      | Killed Pikel
  5236 | D:6      | Noticed Blork the orc
  5242 | D:6      | Killed Blork the orc
  5494 | D:6      | Found a staircase to the Ecumenical Temple.
  5787 | D:7      | Reached XP level 10. HP: 80/80 MP: 10/10
  5861 | D:7      | Found a basalt altar of Yredelemnul.
  5947 | D:7      | Reached skill level 12 in Axes
  6252 | D:7      | Reached skill level 5 in Fighting
  6428 | D:7      | Found a hazy altar of Hepliaklqana.
  6516 | D:8      | Found a sand-covered staircase.
  6521 | Ossuary  | Entered an ossuary
  6701 | D:8      | Noticed Erica
  6716 | D:8      | Killed Erica
  6820 | D:8      | Found a transporter.
  6829 | D:8      | Noticed a two-headed ogre
  6832 | D:8      | Noticed a green ugly thing
  6838 | D:8      | Found a transporter.
  6852 | D:8      | Noticed Neremis's ghost (novice GrFi)
  6928 | D:8      | Found an iron altar of Okawaru.
  7715 | D:9      | Reached ***** piety under Trog
  7724 | D:9      | Reached skill level 13 in Axes
  8303 | D:9      | Reached XP level 11. HP: 90/91 MP: 11/11
  8325 | D:9      | Found an ancient bone altar of Kikubaaqudgha.
  8452 | D:10     | Entered Level 10 of the Dungeon
  8541 | D:10     | Identified the ring "Woufozxu" {Ice Stlth+}
  8650 | D:10     | Found a staircase to the Orcish Mines.
  8911 | D:10     | Noticed Snorg
  8924 | D:10     | Killed Snorg
  8928 | D:10     | Identified the +0 pair of gloves of Birdsong {rPois rC+
                  | Dex+3}
  9092 | D:11     | Noticed a seven-headed hydra
  9092 | D:11     | Noticed a red ugly thing
  9101 | D:10     | Killed a red ugly thing
  9157 | D:10     | HP: 3/94 [18-headed hydra (5)]
  9158 | D:10     | Killed an 18-headed hydra
  9159 | D:10     | Reached skill level 14 in Axes
  9271 | D:11     | Found a staircase to the Lair.
  9485 | D:11     | Noticed a two-headed ogre
  9494 | D:11     | Killed a two-headed ogre
  9495 | D:11     | Reached skill level 10 in Dodging
  9686 | D:11     | Received a gift from Trog
  9695 | D:11     | Reached XP level 12. HP: 103/103 MP: 12/12
 10108 | D:12     | Noticed a four-headed hydra
 10154 | Lair:1   | Entered Level 1 of the Lair of Beasts
 10183 | Lair:1   | Noticed a five-headed hydra
 10190 | Lair:1   | Killed a nine-headed hydra
 10207 | Lair:1   | Reached skill level 15 in Axes
 10686 | Lair:1   | Reached skill level 10 in Fighting
 10892 | Lair:2   | Received a gift from Trog
 10929 | Lair:2   | Found a frozen archway.
 10937 | Lair:2   | Acquired a manual of Axes
 10942 | IceCv    | Entered an ice cave
 10979 | IceCv    | Reached skill level 16 in Axes
 11189 | IceCv    | Noticed an ice dragon
 11202 | IceCv    | Killed an ice dragon
 11721 | D:6      | Bought a scroll of acquirement for 624 gold pieces
 11721 | D:6      | Acquired the ring "Epnoeqo" {rElec rC+ Will+}
 11838 | Lair:2   | Noticed a six-headed hydra
 11845 | Lair:2   | Killed an eight-headed hydra
 11944 | Lair:2   | Reached XP level 13. HP: 115/115 MP: 13/13
 11946 | Lair:2   | Reached skill level 17 in Axes
 12784 | Lair:3   | Reached skill level 18 in Axes
 13481 | Lair:4   | Found a staircase to the Snake Pit.
 13552 | Lair:4   | Reached skill level 19 in Axes
 13856 | Lair:4   | Reached ****** piety under Trog
 14006 | Lair:4   | Found a staircase to the Swamp.
 14497 | Lair:5   | Identified the +2 battleaxe of the Fulmar {flame, rElec
                  | Str+3 Stlth+} (Trog gifted it to you on level 5 of the Lair
                  | of Beasts)
 14497 | Lair:5   | Received a gift from Trog
 14686 | Lair:5   | Found a viscous altar of Jiyva.
 14686 | Lair:5   | Found a staircase to the Slime Pits.
 14700 | Lair:5   | Gained mutation: Your tail ends in a poisonous barb. [Green
                  | Draconian growth]
 14700 | Lair:5   | Reached XP level 14. HP: 127/127 MP: 14/14
 14825 | Lair:5   | Reached skill level 20 in Axes
 15342 | Lair:6   | Entered Level 6 of the Lair of Beasts
 15911 | Lair:6   | Found a runed translucent door.
 15912 | Lair:6   | Noticed Mandevil's ghost (journeyman TrAM)
 16989 | D:13     | Reached skill level 15 in Fighting
 17370 | D:13     | Reached XP level 15. HP: 141/141 MP: 15/15
 17507 | D:13     | Identified the +7 quarterstaff of Action {vorpal, rF- rCorr
                  | Dex+3} (Trog gifted it to you on level 13 of the Dungeon)
 17507 | D:13     | Received a gift from Trog
 17897 | Orc:1    | Entered Level 1 of the Orcish Mines
 18050 | Orc:1    | Noticed Maurice
 18059 | Orc:1    | Killed Maurice
 18089 | Orc:1    | Noticed an orc warlord
 18108 | Orc:1    | Killed an orc warlord
 18354 | Orc:2    | Entered Level 2 of the Orcish Mines
 18375 | Orc:2    | Received a gift from Trog
 18435 | Orc:2    | Found a burning altar of Makhleb.
 18476 | Orc:2    | Found Huptoed's Antique Armour Boutique.
 18645 | Orc:2    | Found a staircase to the Elven Halls.
 18658 | Orc:2    | Noticed an orc warlord
 18668 | Orc:2    | Killed an orc warlord
 19049 | Orc:2    | Received a gift from Trog
 19379 | Orc:2    | Found Tuneguin's Armour Boutique.
 19379 | Orc:2    | Found Neech's Distillery.
 19380 | Orc:2    | Found Olyaklav's General Store.
 19380 | Orc:2    | Found Qihaoc's General Store.
 19388 | Orc:2    | Bought a scroll of identify for 28 gold pieces
 19388 | Orc:2    | Bought a scroll of blinking for 105 gold pieces
 19388 | Orc:2    | Bought a scroll of enchant armour for 105 gold pieces
 19391 | Orc:2    | Bought a potion of curing for 51 gold pieces
 19391 | Orc:2    | Bought a potion of curing for 51 gold pieces
 19391 | Orc:2    | Bought a potion of curing for 51 gold pieces
 19391 | Orc:2    | Bought a potion of invisibility for 136 gold pieces
 19391 | Orc:2    | Bought a potion of heal wounds for 85 gold pieces
 19391 | Orc:2    | Bought 2 potions of invisibility for 272 gold pieces
 19631 | D:14     | Noticed Louise
 19645 | D:14     | Killed Louise
 20327 | D:14     | Identified the +10 executioner's axe of Peace {vorpal,
                  | Dex+5} (Trog gifted it to you on level 14 of the Dungeon)
 20327 | D:14     | Received a gift from Trog
 20345 | D:14     | Found a gate to the Vaults.
 20707 | D:15     | Entered Level 15 of the Dungeon
 20763 | D:15     | Reached XP level 16. HP: 146/155 MP: 16/16
 21032 | D:15     | Found a hide-covered altar of Uskayaw.
 21425 | D:15     | Found a staircase to the Depths.
 21430 | D:15     | Paralysed by a great orb of eyes for 3 turns
 21675 | Snake:1  | Entered Level 1 of the Snake Pit
 22011 | Snake:1  | Received a gift from Trog
 22034 | Snake:1  | Reached skill level 21 in Axes
 22234 | Snake:1  | Noticed Frances
 22243 | Snake:1  | Killed Frances
 22477 | Snake:1  | Found a runed translucent gate.
 22481 | Snake:1  | Found a runed translucent gate.
 22481 | Snake:1  | Found a runed translucent gate.
 22481 | Snake:1  | Noticed sefie's ghost (journeyman MiBe)
 22494 | Snake:1  | Killed sefie's ghost
 23198 | Snake:2  | Found Tameusuwo's Weapon Emporium.
 23202 | Snake:2  | Found Yrack's Distillery.
 23202 | Snake:2  | Found Xauqelor's Assorted Antiques.
 23207 | Snake:2  | Found Ocuwiats's Armour Shoppe.
 24328 | Swamp:1  | Entered Level 1 of the Swamp
 24490 | Swamp:1  | Reached XP level 17. HP: 124/162 MP: 17/17
 24514 | Swamp:1  | HP: 8/162 [ghost crab (13)]
 24514 | Swamp:1  | HP: 3/158 [ghost crab (5)]
 24517 | Swamp:1  | Received a gift from Trog
 24952 | Swamp:1  | Found a runed translucent gate.
 24952 | Swamp:1  | Found a runed translucent gate.
 24952 | Swamp:1  | Found a runed translucent gate.
 24953 | Swamp:1  | Noticed Jacimip's ghost (journeyman HaHu)
 24970 | Swamp:1  | Killed Jacimip's ghost
 24973 | Swamp:1  | Reached skill level 22 in Axes
 25289 | Swamp:2  | Noticed a tentacled monstrosity
 25292 | Swamp:2  | Slain by a ghost crab

Illustrated notes

Levels and vault maps discovered:
D:1:      psy_arrival_radial01, layout_loops_ring
D:2:      layout_loops_cross, serial_shops, nicolae_lakefront_shop,
          wad_floor_pattern_2, minmay_unequal, uniq_natasha
D:3:      layout_basic, mainiacjoe_overflow_tiny_flanked, jmf_multi_god_temple
D:4:      layout_rooms, ashenzari_conservatory_becter,
          mainiacjoe_overflow_chevrons, serial_shops, shop, uniq_sigmund,
          uniq_duvessa, uniq_menkaure
D:5:      black_bear_nest_2, layout_gridville, serial_undead, serial_undead_c,
          serial_undead_d, serial_undead_c, serial_undead_c
D:6:      layout_basic, temple_hall, grunt_ministairs_1, nicolae_specific_store,
          uniq_grinder, uniq_pikel, uniq_blork_the_orc
D:7:      layout_basic, kennysheep_little_box, mainiacjoe_overflow_alcove_1,
          minmay_manual_mullet
D:8:      layout_basic, okawaru_gym_becter, nzn_ghost_randoct, enter_ossuary_1,
          hex_intersection, uniq_erica
D:9:      layout_irregular_city, lemuel_mausoleum_altar_kikubaaqudgha
D:10:     layout_rooms, erik_orc_1, minmay_checkerbox, uniq_snorg
D:11:     layout_irregular_city, erik_lair_orcish_takeover, st_stairs_11
D:12:     layout_rooms
D:13:     layout_irregular_city
D:14:     layout_long_grid, ximxim_vaults_locker_room, serial_co_window_serial,
          co_window_corner_a, co_window_paths_a, co_window_paths_b,
          co_window_of_opportunity_a, co_window_cross_1, co_window_2corner,
          co_window_of_opportunity_b, co_window_of_opportunity_c,
          co_window_2corner, co_window_2corner, co_window_broadway_b,
          co_window_paths_d, glass_columns_a, glass_columns_c, glass_columns_a,
          kennysheep_another_room, grunt_ministairs_4, uniq_louise
D:15:     gammafunk_enter_depths_forms, layout_basic, minmay_misc_feat_enclosed,
          minmay_misc_feat_diagonals, nicolae_uskayaw_dance_hall
Lair:1:   layout_gridlike, infiniplex_staircase_pool_2
Lair:2:   layout_loops_ring, portal_ice_cave_entry_pillars_1,
          serial_bayou_shore_a
Lair:3:   layout_cave_shapes, minivault_23, minmay_stone_trees_medium,
          chequers_serial_rivers_large_a, grunt_megastairs_3
Lair:4:   layout_regular_city, swamp_mist_pool,
          minmay_snake_entry_guardpost_small
Lair:5:   layout_gridlike, slime_altar_1, nzn_random_ring
Lair:6:   gammafunk_lair_ancient_temple, layout_regular_city,
          ebering_ghost_reflecting_pool
Swamp:1:  layout_basic_swamp, gammafunk_ghost_necromancy,
          evilmike_swamp_ruin_rubble_2, nicolae_swamp_little_tower
Swamp:2:  layout_basic_swamp, nicolae_swamp_tree_isthmus, swamp_pool1,
          nicolae_swamp_tree_designs
Snake:1:  layout_chambers, gammafunk_ghost_necromancy, nicolae_snake_shapes,
          uniq_frances
Snake:2:  layout_layer_cave, lemuel_fruit_tree, minmay_shoptagon,
          serial_bayou_shore_b
Orc:1:    layout_caves, basic_altar, uniq_maurice
Orc:2:    st_orc_pillars, layout_diamond_mine, serial_shops, nicolae_shop_trees,
          basic_altar

Skill      XL: |  1  2  3  4  5  6  7  8  9 10 11 12 13 14 15 16 17 |
---------------+----------------------------------------------------+-----
Dodging        | 3 4 5 6 8 9 10 11 12 14 | 14.5
Axes           | 5 7 8 10 11 13 14 16 19 20 21 22 | 22.2
Fighting       | 4 6 8 10 12 15 17 | 17.4

Action                   |  1- 3 |  4- 6 |  7- 9 | 10-12 | 13-15 | 16-18 || total
-------------------------+-------+-------+-------+-------+-------+-------++-------
Melee: Hand axe          |    69 |   135 |   248 |   388 |       |       ||   840
       Tailslap          |    11 |    20 |    43 |   123 |   201 |    80 ||   478
       Battleaxe         |       |       |       |   161 |   829 |       ||   990
       Executioner's axe |       |       |       |       |    19 |   391 ||   410
Invok: Berserk           |     1 |     3 |    10 |    15 |    20 |     9 ||    58
       Brothers in Arms  |       |       |       |     1 |     2 |     1 ||     4
 Abil: Breathe Noxious F |       |       |     1 |     1 |       |       ||     2
  Use: Potion            |       |     4 |       |       |     1 |     3 ||     8
       Scroll            |       |     8 |     4 |    15 |    11 |     3 ||    41
 Stab: Invisible         |       |     1 |     6 |    32 |    80 |    31 ||   150
       Sleeping          |       |     1 |       |       |       |       ||     1
       Confused          |       |       |     1 |     3 |       |     1 ||     5
Armor: Skin              |    17 |    38 |    45 |   115 |   162 |    92 ||   469
Dodge: Dodged            |    36 |    89 |   179 |   587 |   970 |   629 ||  2490
